 Dungeon Crawl Stone Soup version 0.29.1-1-gd02db6906a (webtiles) character file.

Game seed: 7144617735754956047

1018 Eitelfritz the Covert (level 8, 0/41 (46) HPs)
             Began as a Kobold Brigand on Oct 14, 2022.
             Was an Initiate of Dithmenos.
             Slain by a wight
             ... wielding a +0 war axe
              (3 damage)
             ... on level 5 of the Dungeon.
             The game lasted 00:16:17 (5366 turns).

Eitelfritz the Covert (Kobold Brigand)              Turns: 5366, Time: 00:16:17

HP:   0/41 (46)     AC: 12    Str:  8    XL:     8   Next: 45%
MP:   12/12         EV: 16    Int: 13    God:    Dithmenos [......]
Gold: 150           SH:  0    Dex: 18    Spells: 9/12 levels left

rFire   . . .      SeeInvis .   a - +4 dagger (elec)
rCold   . . .      Faith    .   (no shield)
rNeg    . . .      Spirit   .   p - +0 robe
rPois   +          Reflect  .   z - +0 helmet
rElec   .          Harm     .   h - +2 cloak
rCorr   .          Rampage  .   q - +1 pair of gloves
Will    .....                   (no boots)
Stlth   +++++.....              (no amulet)
HPRegen 0.13/turn               n - ring of poison resistance
MPRegen 0.13/turn               s - +4 ring of protection

@: heavily drained
A: small, no large weapons, nightstalker 3
a: Renounce Religion


You were on level 5 of the Dungeon.
You worshipped Dithmenos.
Dithmenos was noncommittal.
You visited 1 branch of the dungeon, and saw 5 of its levels.

You collected 150 gold pieces.

Inventory:

Hand Weapons
 a - a +4 dagger of electrocution (weapon)
 b - a +0 vorpal sling
 c - a +0 short sword of freezing
Missiles
 d - 21 poisoned darts (quivered)
 e - 3 curare-tipped darts
 i - a throwing net
 k - 44 stones
 w - 4 silver boomerangs
Armour
 h - a +2 cloak (worn)
 m - a +0 buckler
 p - a +0 robe (worn)
 q - a +1 pair of gloves (worn)
 z - a +0 helmet (worn)
Magical Staves
 y - a staff of poison
Jewellery
 n - a ring of poison resistance (left hand)
 s - a +4 ring of protection (right hand)
 v - a ring of see invisible
Scrolls
 f - 4 scrolls of teleportation
 g - a scroll of enchant armour
 j - 2 scrolls of immolation {unknown}
 o - a scroll of fog {unknown}
 D - 2 scrolls of identify {unknown}
Potions
 l - 2 potions of ambrosia {unknown}
 r - a potion of haste {unknown}
 t - a potion of magic {unknown}
 u - a potion of flight {unknown}
 x - 5 potions of curing {unknown}
 A - a potion of invisibility {unknown}
 B - a potion of brilliance {unknown}
 C - a potion of cancellation {unknown}
 E - a potion of heal wounds {unknown}
 F - a potion of resistance {unknown}


   Skills:
 + Level 3.5 Fighting
 + Level 5.2 Short Blades
 + Level 2.5 Ranged Weapons
 + Level 2.8 Throwing
 + Level 3.4 Dodging
 + Level 9.7 Stealth
 + Level 2.6 Spellcasting
 + Level 2.0 Hexes
 + Level 1.7 Ice Magic


You had 9 spell levels left.
You knew the following spells:

 Your Spells              Type           Power      Damage    Failure   Level
a - Ensorcelled Hibernat  Hex/Ice        12%        N/A       17%         2
b - Foxfire               Conj/Fire      4%         2x1d4     24%         1

Your spell library contained the following spells:

 Spells                   Type           Power      Damage    Failure   Level
 Inner Flame              Hex/Fire       4%         N/A       43%         3
 Conjure Flame            Conj/Fire      1%         6-21      56%         3
 Spider Form              Tmut/Pois      1%         N/A       56%         3
 Stone Arrow              Conj/Erth      2%         3d7       56%         3
 Anguish                  Hex/Necr       2%         N/A       83%         4
 Animate Armour           Summ/Erth      2%         N/A       93%         4
 Flame Wave               Conj/Fire      1%         2d4       93%         4
 Fireball                 Conj/Fire      0%         3d3       100%        5
 Iskenderun's Battlesphe  Conj           1%         2d6       100%        5
 Conjure Ball Lightning   Conj/Air       0%         3x3d6     100%        6
 Orb of Destruction       Conj           0%         9d5       100%        7
 Lehudib's Crystal Spear  Conj/Erth      0%         10d2      100%        8


Dungeon Overview and Level Annotations

Branches:
Dungeon (5/15)
 Temple: D:4-7

Altars:
Cheibriados
Dithmenos
Kikubaaqudgha
Trog


Innate Abilities, Weirdness & Mutations

You are small and have problems with some larger weapons.
You are completely attuned to the shadows.


Message History

You closely miss the wight.
The wight is heavily damaged.
The wight hits you with a +0 war axe.
You feel drained.
You hit the wight.
The wight is severely damaged.
The wight hits you with a +0 war axe.
You hit the wight.
The wight is severely damaged.
You closely miss the wight.
The wight is severely damaged.
The wight hits you with a +0 war axe.
You hit the wight.
The wight is severely damaged.
The wight hits you with a +0 war axe.
You feel drained.
You closely miss the wight.
The wight is severely damaged.
You hit the wight but do no damage.
The wight is severely damaged.
The wight hits you with a +0 war axe!
* * * LOW HITPOINT WARNING * * *
You closely miss the wight.
The wight is severely damaged.
The wight closely misses you.
You hit the wight but do no damage.
The wight is severely damaged.
The wight hits you but does no damage.
You hit the wight but do no damage. Your punch misses the wight.
The wight is severely damaged.
You closely miss the wight.
The wight is severely damaged.
The wight hits you with a +0 war axe.
* * * LOW HITPOINT WARNING * * *
You feel drained.
* * * LOW HITPOINT WARNING * * *
The wight attacks as you move away! The wight misses you.
The wight attacks as you move away! The wight barely misses you.
There is an open door here.
The wight attacks as you move away! The wight hits you but does no damage.
The wight attacks as you move away! The wight hits you with a +0 war axe.
You die...

######## #......# #.####.#
# #.# #.# ########## ##..
#.#
#.#####........########....
#.#
#.##.......@z..'......')...
#.##
#)#..##........########..z.
#.##.#.#.###........# ....
#.##.).).############ ....
#.##>.......# ....
#.##.#.####.#####. #.##...#
#........ #.##.###
#.......... #.# #.........#


You could see a wight.

Vanquished Creatures
  Grinder (D:3)
  A black bear (D:5)
  An ogre (D:4)
  2 centaurs (D:5)
  A wight (D:5)
  3 hounds
  2 orc priests (D:4)
  An orc wizard (D:4)
  Natasha (thrice) (D:4)
  Robin (D:3)
  5 adders
  A gnoll (D:4)
  An ufetubus (D:5)
  3 worms
  A dart slug (D:4)
  12 orcs
  9 endoplasms
  A giant cockroach (D:2)
  13 goblins
  5 hobgoblins
  3 jackals (D:2)
  4 quokkas
  7 ball pythons
  5 bats
  A frilled lizard (D:2)
  9 kobolds
  6 rats (D:3)
102 creatures vanquished.

Notes
Turn   | Place    | Note
-------+----------+-------------------------------------------
     0 | D:1      | Eitelfritz the Kobold Brigand began the quest for the Orb.
     0 | D:1      | Reached XP level 1. HP: 12/12 MP: 1/1
   539 | D:1      | Reached XP level 2. HP: 1/17 MP: 2/2
   882 | D:1      | Reached skill level 6 in Stealth
  1374 | D:2      | Reached XP level 3. HP: 15/21 MP: 3/3
  1528 | D:2      | Learned a level 2 spell: Ensorcelled Hibernation
  1705 | D:2      | Found a faded altar of an unknown god.
  1829 | D:2      | Reached XP level 4. HP: 26/26 MP: 4/4
  2060 | D:3      | Found an ancient bone altar of Kikubaaqudgha.
  2111 | D:3      | Found a snail-covered altar of Cheibriados.
  2158 | D:3      | Reached skill level 7 in Stealth
  2545 | D:3      | Noticed Robin
  2623 | D:3      | Reached XP level 5. HP: 30/30 MP: 5/5
  2665 | D:3      | Killed Robin
  2666 | D:3      | Reached skill level 1 in Hexes
  2736 | D:3      | Noticed Grinder
  2741 | D:3      | Killed Grinder
  2742 | D:3      | Reached skill level 8 in Stealth
  2742 | D:3      | Reached skill level 1 in Spellcasting
  2742 | D:3      | Reached skill level 1 in Ice Magic
  2742 | D:3      | Reached XP level 6. HP: 28/36 MP: 5/8
  3148 | D:4      | Learned a level 1 spell: Foxfire
  3153 | D:4      | Found a bloodstained altar of Trog.
  3223 | D:4      | Reached XP level 7. HP: 4/40 MP: 8/10
  3243 | D:3      | HP: 2/40 [orc/+0 club (2)]
  3748 | D:4      | Found a shadowy altar of Dithmenos.
  4104 | D:4      | Reached skill level 1 in Ranged Weapons
  4255 | D:4      | Noticed Natasha
  4267 | D:4      | Killed Natasha
  4400 | D:4      | Noticed Natasha
  4409 | D:4      | Killed Natasha
  4461 | D:4      | Noticed Natasha
  4467 | D:4      | Killed Natasha
  4886 | D:4      | Became a worshipper of Dithmenos the Shadowed
  4907 | D:5      | Entered Level 5 of the Dungeon
  4915 | D:5      | Reached skill level 9 in Stealth
  4915 | D:5      | Reached XP level 8. HP: 46/46 MP: 11/11
  5026 | D:5      | Reached skill level 5 in Short Blades
  5357 | D:5      | HP: 2/41 [wight/+0 war axe (1)]
  5366 | D:5      | Slain by a wight

Illustrated notes

Levels and vault maps discovered:
D:1:      saegor_arrival_miasma, layout_loops_ring
D:2:      layout_loops_ring, shapermc_ecumenical_altar_notcrosses
D:3:      layout_rooms, mainiacjoe_overflow_catch_the_wave,
          nicolae_underground_beach, uniq_grinder, uniq_robin
D:4:      layout_loops_cross, lightli_temple_of_fire,
          grunt_dithmenos_smoke_and_mirrors, grunt_decor_cap, uniq_natasha
D:5:      layout_basic

Skill      XL: |  1  2  3  4  5  6  7  8 |
---------------+-------------------------+-----
Stealth        | 6 7 8 9 |  9.7
Short Blades   | 3 4 5 |  5.2
Dodging        | 2 3 |  3.4
Hexes          | 1 2 |  2.0
Spellcasting   | 1 2 |  2.6
Ice Magic      | 1 |  1.7
Ranged Weapons | 2 |  2.5
Fighting       | 3 |  3.5
Throwing       | |  2.8

Action                   |  1- 3 |  4- 6 |  7- 9 || total
-------------------------+-------+-------+-------++-------
Melee: Dagger            |    59 |    91 |   123 ||   273
       Punch             |     1 |     1 |     1 ||     3
       Short sword       |    23 |       |       ||    23
 Fire: Sling             |       |     2 |     2 ||     4
Throw: Dart              |       |     1 |     7 ||     8
 Cast: Ensorcelled Hiber |       |       |     2 ||     2
  Use: Scroll            |       |     9 |       ||     9
 Stab: Sleeping          |    16 |     9 |    12 ||    37
       Distracted        |       |     1 |     2 ||     3
Armor: Robe              |    19 |    16 |    35 ||    70
Dodge: Dodged            |    35 |    50 |    80 ||   165
